 Dungeon Crawl Stone Soup version 0.28.0-53-g5a82cb258f (webtiles) character file.

Game seed: 14248117850565651280

527 Jerry the Skirmisher (level 7, -1/62 HPs)
             Began as a Hill Orc Fighter on July 4, 2022.
             Succumbed to an orc wizard's poison
             ... on level 4 of the Dungeon.
             The game lasted 00:09:15 (3086 turns).

Jerry the Skirmisher (Hill Orc Fighter)             Turns: 3086, Time: 00:09:15

Health: -1/62      AC: 15    Str: 19    XL:     7   Next: 23%
Magic:  7/7        EV:  7    Int: 12    God:
Gold:   147        SH:  0    Dex: 12    Spells: 6/6 levels left

rFire   . . .      SeeInvis +   a - +0 war axe
rCold   + . .      Faith    .   c - +0 buckler
rNeg    . . .      Spirit   .   j - +6 chain mail of the Fisher {rC+ Int+4 SInv}
rPois   .          Reflect  .   (no helmet)
rElec   .          Harm     .   (no cloak)
rCorr   .          Rampage  .   (no gloves)
Will    .....                   (no boots)
Stlth   ..........              (no amulet)
HPRegen 0.20/turn               (no ring)
MPRegen 0.10/turn               (no ring)

@: confused, lethally poisoned (-1 -> -14)
A: no striking features
a: no special abilities


You were on level 4 of the Dungeon.
You visited 1 branch of the dungeon, and saw 4 of its levels.

You collected 147 gold pieces.

Inventory:

Hand Weapons
 a - a +0 war axe (weapon)
Armour
 c - a +0 buckler (worn)
 j - the +6 chain mail of the Fisher (worn) {rC+ Int+4 SInv}
   (You found it on level 2 of the Dungeon)

   Int:       It affects your intelligence (+4).
   rC:        It protects you from cold.
   SInv:      It lets you see invisible.
Jewellery
 b - an amulet of magic regeneration
 h - an amulet of guardian spirit
Scrolls
 e - 4 scrolls of teleportation
 f - 6 scrolls of identify {unknown}
 i - a scroll of torment {unknown}
 k - a scroll of blinking {unknown}
 l - a scroll of magic mapping {unknown}
 m - a scroll of fear {unknown}
Potions
 d - a potion of berserk rage {unknown}
 g - a potion of lignification {unknown}


   Skills:
 + Level 5.7 Fighting
 + Level 5.5 Axes
 + Level 5.2 Armour
 + Level 5.2 Shields


You had 6 spell levels left.
You didn't know any spells.
Your spell library contained the following spells:

 Spells                   Type           Power      Damage    Failure   Level
 Animate Skeleton         Necr           0%         N/A       99%         1
 Freeze                   Ice            0%         1d3       99%         1
 Pain                     Necr           0%         1d4       99%         1
 Frozen Ramparts          Ice            0%         1d2       100%        3
 Gell's Gravitas          Tloc           0%         N/A       100%        3
 Lesser Beckoning         Tloc           0%         N/A       100%        3
 Teleport Other           Tloc           0%         N/A       100%        3
 Vampiric Draining        Necr           0%         2d6       100%        3
 Hailstorm                Conj/Ice       0%         3d3       100%        4


Dungeon Overview and Level Annotations

Branches:
Dungeon (4/15)
 Temple: D:4-7

Altars:
Wu Jian


Message History

You feel sick.
The water moccasin bites you but does no damage.
A kobold comes into view. It is wielding a +0 dagger.
The water moccasin completely misses you.
You closely miss the water moccasin.
The water moccasin is almost dead.
You feel sick.
You are no longer poisoned.
The water moccasin bites you!
* * * LOW HITPOINT WARNING * * *
The water moccasin bites you but does no damage.
You slash the water moccasin!
You kill the water moccasin!
The orc wizard gestures at you while chanting.
You resist with some effort.
You have reached level 7!
The kobold hits you with a +0 dagger.
* * * LOW HITPOINT WARNING * * *
You closely miss the kobold. The kobold hits you with a +0 dagger.
* * * LOW HITPOINT WARNING * * *
You slash the kobold!
You kill the kobold!
You hit the orc wizard but do no damage.
The orc wizard hits you but does no damage.
You hit the orc wizard but do no damage.
The orc wizard hits you but does no damage.
You are lethally poisoned!
The orc wizard barely misses you.
You hit the orc wizard but do no damage.
* * * LOW HITPOINT WARNING * * *
You feel very sick. The orc wizard casts a spell at you.
You are confused.
You bump into the rock wall.
* * * LOW HITPOINT WARNING * * *
You feel sick.
The orc wizard hits you with a +2 dagger of venom.
* * * LOW HITPOINT WARNING * * *
You are more poisoned.
You die...

...... #.....'..##
###+###+#.....#...#
##........#####...#
.#........#.......#
.#........#......##
.#........#......# #
+#....(...#..##o.# ...
.....######..##..##..#.#
..†..+......)†).@.......
.....#...............#.#
.....#..####'##..##.....
.....#. #..##..# ..#.#
.....# .........# ..#.
.....# .........##
##.......... .....#
.....##..# #.........
.....+ #..# ........
.....# ..S...


You could see an orc wizard.

Vanquished Creatures
  Sigmund (D:3)
  A water moccasin (D:4)
  A scorpion (D:4)
  A wyvern skeleton (D:4)
  An iguana (D:4)
  4 adders
  2 river rats (D:3)
  A white imp (D:4)
  4 worms
  3 dart slugs
  An orc (D:4)
  A ball python (D:4)
  6 endoplasms
  2 giant cockroaches (D:3)
  3 goblins
  2 hobgoblins
  2 quokkas
  5 bats
  5 frilled lizards
  9 kobolds
  9 rats
64 creatures vanquished.

Notes
Turn   | Place    | Note
-------+----------+-------------------------------------------
     0 | D:1      | Jerry the Hill Orc Fighter began the quest for the Orb.
     0 | D:1      | Reached XP level 1. HP: 19/19 MP: 1/1
   341 | D:1      | Reached XP level 2. HP: 21/27 MP: 2/2
   579 | D:2      | Found a faded altar of an unknown god.
   726 | D:2      | Identified the +6 chain mail of the Fisher {rC+ Int+4 SInv}
   811 | D:2      | Reached XP level 3. HP: 30/33 MP: 3/3
  1286 | D:3      | You fall into a shaft and drop 1 floor!
  1348 | D:4      | Reached XP level 4. HP: 3/41 MP: 4/4
  1675 | D:4      | Reached XP level 5. HP: 41/47 MP: 5/5
  1727 | D:4      | Noticed a water moccasin
  1734 | D:4      | Found an ornate altar of the Wu Jian Council.
  1985 | D:3      | Noticed Sigmund
  2531 | D:3      | Killed Sigmund
  2532 | D:3      | Reached skill level 5 in Fighting
  2532 | D:3      | Reached XP level 6. HP: 52/56 MP: 6/6
  2629 | D:3      | Reached skill level 5 in Axes
  2813 | D:4      | Reached skill level 5 in Armour
  2813 | D:4      | Reached skill level 5 in Shields
  3074 | D:4      | Killed a water moccasin
  3075 | D:4      | Reached XP level 7. HP: 12/62 MP: 7/7
  3085 | D:4      | HP: 2/62 [orc wizard/+2 dagger of venom (2)]
  3086 | D:4      | Succumbed to an orc wizard's poison

Illustrated notes

Levels and vault maps discovered:
D:1:      minmay_arrival_solitary_statue, layout_rooms
D:2:      layout_rooms, hellmonk_ecumenical_altar_run_dry
D:3:      layout_loops_ring, portal_sewer_entry_e, minmay_pentomino_pile,
          uniq_sigmund
D:4:      layout_gridville, mainiacjoe_overflow_concentric_impassable,
          minmay_misc_feat_plants, nicolae_concentric_dashed_squares_mild,
          st_stairs_12, minmay_misc_feat_square

Skill      XL: |  1  2  3  4  5  6 |
---------------+-------------------+-----
Axes           | 3 4 5 |  5.5
Fighting       | 4 5 |  5.7
Armour         | 4 5 |  5.2
Shields        | 4 5 |  5.2

Action                   |  1- 3 |  4- 6 |  7- 9 || total
-------------------------+-------+-------+-------++-------
Melee: War axe           |    94 |   127 |     5 ||   226
  Use: Potion            |     1 |     2 |       ||     3
       Scroll            |       |     1 |       ||     1
 Stab: Invisible         |       |     1 |       ||     1
Armor: Scale mail        |    13 |       |       ||    13
       Ring mail         |    10 |       |       ||    10
       Chain mail        |    39 |    75 |     2 ||   116
Dodge: Dodged            |    49 |    42 |     1 ||    92
Block: Buckler           |    19 |    30 |       ||    49
